 Dungeon Crawl Stone Soup version 0.28-a0-793-g31680bbd8b (webtiles) character file.

Game seed: 12730248554137545257

0 spiderkeys the Ducker (level 1, -19/10 HPs)
             Began as a Felid Abyssal Knight on Nov 4, 2021.
             Was a Follower of Lugonu.
             Demolished by a tentacled starspawn (26 damage)
             ... on level 3 of the Abyss.
             The game lasted 00:00:30 (82 turns).

spiderkeys the Ducker (Felid Abyssal Knight)          Turns: 82, Time: 00:00:30

Health: -19/10     AC:  1    Str:  9    XL:     1   Next: 0%
Magic:  3/3        EV: 15    Int: 11    God:    Lugonu [*.....]
Gold:   32         SH:  0    Dex: 16    Spells: 0/0 levels left
                                        Lives:  0   Deaths: 0

rFire   . . .      SeeInvis +     - Unarmed
rCold   . . .      Faith    .   (shield unavailable)
rNeg    . . .      Spirit   .   (armour unavailable)
rPois   .          Reflect  .   (helmet unavailable)
rElec   .          Harm     .   (cloak unavailable)
rCorr   .          Rampage  .   (gloves unavailable)
Will    .....                   (boots unavailable)
Stlth   +.........              (no amulet)
HPRegen 0.03/turn               (no ring)
MPRegen 0.08/turn               (no ring)

@: slowed, constricted, very slow
A: very small, claws 1, fangs 3, see invisible, speed 1, shaggy fur 1, stealthy
paws, no weapons or thrown items, no armour, multi-lived
a: Renounce Religion, Depart the Abyss


You were on level 3 of the Abyss.
You worshipped Lugonu.
Lugonu was aware of your devotion.
You visited 0 branches of the dungeon, and saw 0 of its levels.
You visited the Abyss 1 time.

You collected 32 gold pieces.


Innate Abilities, Weirdness & Mutations

You have sharp claws.
You have razor-sharp teeth.
You have supernaturally acute eyesight. (SInv)
You cover ground quickly. (Speed+)
You are covered in fur. (AC +1)
Your paws help you pounce on unaware monsters.
You are incapable of wielding weapons or throwing items.
You cannot wear armour.
You gain extra lives every three experience levels.


   Skills:
 + Level 3.0 Fighting
 + Level 3.2 Dodging
 + Level 2.0 Unarmed Combat
 + Level 1.7 Invocations


You couldn't memorise any spells.
You didn't know any spells.
Your spell library was empty.

Inventory:

Wands
 a - a wand of flame (22)
   (You found it on level 2 of the Abyss)

Dungeon Overview and Level Annotations

Branches:
Dungeon (0/15)

Altars:

#.# ## ## #.
...##.# .#._ ...
##..#..#.#.##..?
................
......≈........#
....≈≈≈#.......
#..♣.w?........
#≈.≈X@#.......
##.≈wwL.###...
###<......#
##│.#......
#X#.#.....
#...w##.#....
........# #...#.
.....#... .....
...X.#..# ....


You could see 2 tentacled starspawn, a lich and 4 starspawn tentacles.


Message History

🤖 Initializing magus.rc ... ✅ Successfully initialized magus.rc [v1.9.10] Welcome, spiderkeys the Felid Abyssal Knight.
They say the Orb of Zot lies within this dungeon, but they say a lot of things.
Lugonu says: Depart the Abyss and spread corruption, my servant! (use the ability menu to exit the Abyss) Press ? for a list of commands and other information.
Found two corrupted altars of Lugonu.
Found a gateway leading deeper into the Abyss.
Found a gateway leading out of the Abyss.
There is a gateway leading deeper into the Abyss here.
You plunge deeper into the Abyss.
You now have 5 gold pieces.
You now have 32 gold pieces (gained 27).
a - a wand of flame (22)
A tentacled starspawn comes into view.
Tentacles burst from the starspawn's body! 2 starspawn tentacles come into view.
The starspawn tentacle misses you.
The starspawn tentacle barely misses you.
You see here the +8 flail of Inference {speed, rF+}.
Found a gateway leading deeper into the Abyss.
There is a gateway leading deeper into the Abyss here.
You plunge deeper into the Abyss.
The abyssal rune of Zot can be found at this depth.
A tentacled starspawn and a lich come into view.
The lich shouts!
Found a stormy altar of Qazlal.
Tentacles burst from the starspawn's body!
The lich casts a spell at you.
You feel yourself slow down.
Tentacles burst from the starspawn's body! 4 starspawn tentacles come into view.
You aren't carrying any scrolls.
You enter the shallow water.
Moving in this stuff is going to be slow.
The starspawn tentacle barely misses you.
The starspawn tentacle grabs you. The starspawn tentacle constricts you.
A wretched star comes into view.
The tentacled starspawn bites you!!
Ouch! That really hurt!
You die...

Action                   || total
-------------------------++-------
Dodge: Dodged            ||     3

Levels and vault maps discovered:
Abyss:3:  base: Temple, nicolae_abyss_rune_star_stuff

Notes
Turn   | Place    | Note
-------+----------+-------------------------------------------
     0 | Abyss:1  | spiderkeys the Felid Abyssal Knight began the quest for the
                  | Orb.
     0 | Abyss:1  | Reached XP level 1. HP: 10/10 MP: 3/3
     0 | Abyss:1  | magus.rc [v1.9.10]
    38 | Abyss:2  | Noticed a tentacled starspawn
    66 | Abyss:2  | Identified the +8 flail of Inference {speed, rF+}
    74 | Abyss:2  | Noticed a will-o-the-wisp
    78 | Abyss:3  | Noticed a tentacled starspawn
    78 | Abyss:3  | Noticed a starcursed mass
    79 | Abyss:3  | Noticed a tentacled starspawn
    79 | Abyss:3  | Noticed a lich
    81 | Abyss:3  | Found a stormy altar of Qazlal.
    82 | Abyss:3  | Noticed a wretched star
    82 | Abyss:3  | Demolished by a tentacled starspawn

Vanquished Creatures (others)
  2 starspawn tentacles (Abyss:2)
2 creatures vanquished.

Table legend:
 A = Non-vault XP
 B = Vault XP
 C = Vault XP percentage of total XP
 D = Non-vault monster count
 E = Vault monster count
 F = Vault count percentage of total count
                 A         B        C        D         E       F
            +---------+---------+-------+---------+---------+-------
      Total |       0 |       0 |   N/A |       0 |       0 |  -nan
            +---------+---------+-------+---------+---------+-------
            +---------+---------+-------+---------+---------+-------

Illustrated notes

Table legend: (Time is in decaauts)
 A = Elapsed time spent in this place.
 B = Non-inter-level travel time spent in this place.
 C = Inter-level travel time spent in this place.
 D = Time resting spent in this place.
 E = Time spent auto-exploring this place.
 F = Levels seen in this place.
 G = Mean time per level.
                   A        B        C        D        E       F      G
               +--------+--------+--------+--------+--------+-----+--------+
         Total |     66 |     66 |      0 |      0 |      3 |   3 |   22.0 |
         Abyss |     66 |     66 |      0 |      0 |      3 |   3 |   22.0 |
               +--------+--------+--------+--------+--------+-----+--------+

Top non-repeatable levels by time:
 Abyss:2: 46 daAuts
 Abyss:1: 17 daAuts
 Abyss:3: 3 daAuts
